 Dungeon Crawl Stone Soup version 0.19-a0-1185-gacb3972 (webtiles) character file.

567 Gagarin the Slasher (level 7, -2/55 HPs)
             Began as a Demonspawn Gladiator on Aug 18, 2016.
             Was an Initiate of Makhleb.
             Slain by Menkaure (16 damage)
             ... on level 5 of the Dungeon.
             The game lasted 00:11:53 (4440 turns).

Gagarin the Slasher (Demonspawn Gladiator)          Turns: 4440, Time: 00:11:53

Health: -2/55      AC:  4    Str: 16    XL:     7   Next: 11%
Magic:  7/7        EV: 14    Int:  9    God:    Makhleb [......]
Gold:   211        SH:  0    Dex: 15    Spells: 0 memorised, 6 levels left

rFire  . . .     SeeInvis .     a - +0 long sword
rCold  . . .     Gourm    .     b - +0 leather armour
rNeg   . . .     Faith    .     (no shield)
rPois  .         Spirit   .     c - +0 helmet
rElec  .         Dismiss  .     (no cloak)
rCorr  .         Reflect  .     (no gloves)
MR     .....     Harm     .     (no boots)
Stlth  ++........               (no amulet)
                                (no ring)
                                p - ring of flight

@: very slightly contaminated, hasted, very quick
A: hooves 2, nightstalker 1, powered by death 2
a: Renounce Religion, Evoke Flight


You were on level 5 of the Dungeon.
You worshipped Makhleb.
Makhleb was noncommittal.
You were not hungry.

You visited 2 branches of the dungeon, and saw 6 of its levels.

You collected 211 gold pieces.

Inventory:

Hand Weapons
 a - a +0 long sword (weapon)
 m - a +2 dagger of electrocution
 q - a +0 blowgun
Missiles
 d - 2 throwing nets (quivered)
 g - 4 needles of confusion
 s - 12 poisoned needles
 G - 5 tomahawks of returning
Armour
 b - a +0 leather armour (worn)
 c - a +0 helmet (worn)
Jewellery
 p - a ring of flight (left hand)
Wands
 u - a wand of flame (16/48)
 x - a wand of iceblast (9/15)
Scrolls
 e - 2 scrolls of fog {unknown}
 h - 2 scrolls of identify
 i - a scroll of fear {unknown}
 j - 2 scrolls of magic mapping {unknown}
 o - a scroll of remove curse {unknown}
 v - a scroll of noise {unknown}
 w - a scroll of amnesia {unknown}
 y - 5 scrolls of enchant armour {unknown}
 z - a scroll of blinking {unknown}
 B - 2 scrolls of enchant weapon {unknown}
 C - a scroll of immolation {unknown}
 D - a scroll of teleportation {unknown}
 E - a scroll of random uselessness {unknown}
Potions
 l - a potion of lignification
 n - 2 potions of brilliance
 r - 2 potions of mutation
Comestibles
 f - 9 bread rations
 k - 2 meat rations
 F - a beef jerky
 H - 5 chunks of flesh


   Skills:
 + Level 4.5 Fighting
 + Level 4.6 Long Blades
 - Level 2.0 Throwing
 - Level 2.3 Armour
 + Level 4.0 Dodging
 - Level 1.3 Stealth


You had 6 spell levels left.
You didn't know any spells.

Dungeon Overview and Level Annotations

Branches:
Dungeon (5/15)             Temple (1/1) D:4

Altars:
Ashenzari
Cheibriados
Dithmenos
Elyvilon
Fedhas
Gozag
Hepliaklqana
Kikubaaqudgha
Makhleb
Nemelex Xobeh
Okawaru
Qazlal
Ru
Sif Muna
Trog
Uskayaw
Vehumet
Xom
Yredelemnul
Zin
The Shining One

Annotations:
D:2 Sigmund
D:5 Menkaure


Innate Abilities, Weirdness & Mutations

You have hoof-like feet.
You are slightly more attuned to the shadows.
You regenerate health from kills.


Message History

You feel much better. Menkaure hits you!
* * * LOW HITPOINT WARNING * * *
You feel much better. Menkaure hits you.
You barely miss Menkaure. You kick Menkaure, but do no damage.
Menkaure is heavily damaged.
You feel sick.
You are no longer poisoned.
Menkaure hits you!!
You feel much better.
You hit Menkaure. You kick Menkaure.
Menkaure is severely damaged.
Menkaure hits you!
* * * LOW HITPOINT WARNING * * *
Okay, then.
You feel yourself speed up. Menkaure closely misses you.
You are very lightly contaminated with residual magic.
You hit Menkaure but do no damage.
Menkaure is severely damaged.
Menkaure hits you!
You die...

#......#.
#........#.#......#
#....#.#.#....(...#
#....#.##.........#
#....#.##......... .
#..<...##...#..#.###..
#..............#......
#.....................
#.#...........#@......
#.#...........#M......
..#...........##......
..
#...................
#..........###......
#..........# >.....
#..........# #.....
..........##


You could see Menkaure.

Vanquished Creatures
  An ogre (D:4)
  A crimson imp (D:4)
  A hound (D:4)
  A centaur skeleton (D:4)
  An orc priest (D:4)
  6 orc wizards
  2 worker ants (D:4)
  6 adders
  An ooze (D:4)
  3 worms
  A dart slug (D:1)
  2 giant geckos
  7 orcs
  10 bats
  5 giant cockroaches
  6 goblins
  6 hobgoblins
  2 jackals (D:4)
  12 kobolds
  3 quokkas
  A ball python (D:3)
  2 giant newts
  6 rats
86 creatures vanquished.

Notes
Turn   | Place    | Note
-------+----------+-------------------------------------------
     0 | D:1      | Gagarin the Demonspawn Gladiator began the quest for the Orb.
     0 | D:1      | Reached XP level 1. HP: 16/16 MP: 1/1
   210 | D:1      | Gained mutation: You are slightly more attuned to the shadows. [demonic ancestry]
   210 | D:1      | Reached XP level 2. HP: 20/22 MP: 2/2
   515 | D:1      | HP: 1/23 [kobold (4)]
  1203 | D:1      | Gained mutation: You have large cloven feet. [demonic ancestry]
  1203 | D:1      | Reached XP level 3. HP: 28/28 MP: 3/3
  1298 | D:2      | Reached skill level 1 in Stealth
  1553 | D:2      | Found a faded altar of an unknown god.
  1581 | D:2      | Noticed Sigmund
  1805 | D:3      | Gained mutation: You have hoof-like feet. [demonic ancestry]
  1805 | D:3      | Reached XP level 4. HP: 17/34 MP: 4/4
  2592 | D:3      | Reached skill level 1 in Armour
  2592 | D:3      | Gained mutation: You regenerate a little health from kills. [demonic ancestry]
  2592 | D:3      | Reached XP level 5. HP: 27/41 MP: 5/5
  2602 | D:3      | HP: 1/41 [something/puff of flame (12)]
  2614 | D:3      | HP: 2/41 [something/magic dart (9)]
  3277 | D:4      | Found a staircase to the Ecumenical Temple.
  3283 | Temple   | Entered the Ecumenical Temple
  3403 | Temple   | Became a worshipper of Makhleb the Destroyer
  3556 | D:4      | Noticed an ogre
  3563 | D:4      | Killed an ogre
  3563 | D:4      | Gained mutation: You regenerate health from kills. [demonic ancestry]
  3563 | D:4      | Reached XP level 6. HP: 36/48 MP: 6/6
  4332 | D:4      | Reached XP level 7. HP: 48/55 MP: 7/7
  4403 | D:5      | Entered Level 5 of the Dungeon
  4429 | D:5      | Noticed Menkaure
  4440 | D:5      | Slain by Menkaure

Vault maps used:
D:1:      dpeg_arrival_lava_altar
D:2:      ecumenical_altar_2, uniq_sigmund
D:3:      first_bread, eino_tiny_chamber, grunt_decor_arrowhead
D:4:      mrwooster_statue_mirror
D:5:      uniq_blork_the_orc, uniq_duvessa, uniq_menkaure
Temple:   kilobyte_greek_temple

Skill      XL: |  1  2  3  4  5  6  7 |
---------------+----------------------+-----
Throwing       | 2 |  2.0
Long Blades    | 3 4 |  4.6
Dodging        | 3 4 |  4.0
Stealth        | 1 |  1.3
Fighting       | 3 4 |  4.5
Armour         | 1 2 |  2.3

Action                   |  1- 3 |  4- 6 |  7- 9 || total
-------------------------+-------+-------+-------++-------
Melee: Long sword        |   134 |   236 |    24 ||   394
       Dagger            |     4 |       |       ||     4
       Kick              |    16 |    73 |     7 ||    96
Throw: Throwing net      |     7 |     1 |       ||     8
  Use: Potion            |       |     4 |     4 ||     8
       Scroll            |       |     6 |       ||     6
 Stab: Held in net/web   |     3 |     1 |       ||     4
       Sleeping          |     4 |     5 |       ||     9
  Eat: Chunk             |     3 |     8 |     1 ||    12
Armor: Leather armour    |    27 |    54 |     2 ||    83
Dodge: Dodged            |    71 |   116 |    11 ||   198
